BSA
HENDERSONVILLE HITMEN @ ORLANDO CALRISSIAN
03/18/2026
 
TOP OF THE 1ST
Hendersonville Hitmen batting - Pitching for Orlando Calrissian : LHP Will Chapman
Pitching: LHP Will Chapman
Batting: LHB Jerry Johnston 0-0: Ball
1-0: Ball
2-0: Swinging Strike
2-1: Called Strike
2-2: Foul Ball, location: 2F
2-2: Fly out, F9 (Line Drive, 9M)
Batting: RHB Bill Mark 0-0: Called Strike
0-1: Ball
1-1: Ball
2-1: Ball
3-1: Called Strike
3-2: Base on Balls
Batting: RHB Manolo Román 0-0: Ball
1-0: Called Strike
1-1: Ball
2-1: Foul Ball, location: 2F
2-2: SINGLE (Line Drive, 89S)
Bill Mark to second
Batting: LHB Tony Abete 0-0: Ball
1-0: Called Strike
1-1: Ball
2-1: Foul Ball, location: 2F
2-2: Ball
3-2: Foul Ball, location: 2F
3-2: Base on Balls
Bill Mark to third
Manolo Román to second
Batting: RHB Robert Buckley 0-0: Called Strike
0-1: Called Strike
0-2: Foul Ball, location: 2F
0-2: Fly out, F3 (Popup, 3DF)
Batting: LHB Lorenzo Quintanilla 0-0: Called Strike
0-1: Ball
Wild Pitch!
Bill Mark scores
Manolo Román to third
Tony Abete to second
1-1: Ground out 1-3 (Groundball, 13S)
Top of the 1st over - 1 run(s), 1 hit(s), 0 error(s), 2 left on base; Hendersonville 1 - Orlando 0
BOTTOM OF THE 1ST
Orlando Calrissian batting - Pitching for Hendersonville Hitmen : RHP Eric Love
Pitching: RHP Eric Love
Batting: LHB Danny Allen 0-0: Ground out 4-3 (Groundball, 4M)
Batting: SHB Chris Byrd 0-0: Ground out 5-3 (Groundball, 56)
Batting: LHB Santiago Márquez 0-0: Ground out 4-3 (Groundball, 34)
Bottom of the 1st over - 0 run(s), 0 hit(s), 0 error(s), 0 left on base; Hendersonville 1 - Orlando 0
TOP OF THE 2ND
Hendersonville Hitmen batting - Pitching for Orlando Calrissian : LHP Will Chapman
Batting: SHB Tony López 0-0: Ball
1-0: Ground out 6-3 (Groundball, 6)
Batting: RHB Taylor McFarland 0-0: Called Strike
0-1: Ball
1-1: Fly out, F6 (Popup, 6M)
Batting: LHB Enrique Nalasco 0-0: Fly out, F7 (Flyball, 7LMF)
Top of the 2nd over - 0 run(s), 0 hit(s), 0 error(s), 0 left on base; Hendersonville 1 - Orlando 0
BOTTOM OF THE 2ND
Orlando Calrissian batting - Pitching for Hendersonville Hitmen : RHP Eric Love
Batting: RHB Raúl Canó 0-0: Ball
1-0: Foul Ball, location: 2F
1-1: SOLO HOME RUN (Flyball, 78XD), Distance : 413 ft
Batting: RHB Rich Anderson 0-0: Called Strike
0-1: Ball
1-1: Ball
2-1: DOUBLE (Flyball, 8LXD)
Batting: LHB Juan Colón 0-0: Ground out 5-3 (Groundball, 56)
Batting: RHB Frederico Hernández 0-0: Ball
1-0: Swinging Strike
1-1: Foul Ball, location: 2F
1-2: Ball
2-2: Ball
3-2: Foul Ball, location: 2F
3-2: Ground out 6-3 (Groundball, 6)
Batting: RHB Enrique Bermúdez 0-0: Ball
1-0: Ball
2-0: Ball
3-0: Called Strike
3-1: Ground out 4-3 (Groundball, 4)
Bottom of the 2nd over - 1 run(s), 2 hit(s), 0 error(s), 1 left on base; Hendersonville 1 - Orlando 1
TOP OF THE 3RD
Hendersonville Hitmen batting - Pitching for Orlando Calrissian : LHP Will Chapman
Batting: LHB Jerry Johnston 0-0: Ball
1-0: Called Strike
1-1: Ball
2-1: Ball
3-1: SOLO HOME RUN (Line Drive, 89XD), Distance : 416 ft
Batting: RHB Bill Mark 0-0: Ball
1-0: Called Strike
1-1: Fly out, F7 (Flyball, 78M)
Batting: RHB Manolo Román 0-0: Ball
1-0: Called Strike
1-1: Ball
2-1: Ball
3-1: Foul Ball, location: 2F
3-2: Base on Balls
Batting: LHB Tony Abete 0-0: Foul Ball, location: 2F
0-1: Ground out 1-3 (Groundball, 2R)
Manolo Román to second
Batting: RHB Robert Buckley 0-0: Called Strike
0-1: SINGLE (Groundball, 3S)
Manolo Román to third
Runner from 3rd tries for Home, SAFE, no throw or cutoff
Batting: LHB Lorenzo Quintanilla 0-0: Foul Ball, location: 2F
0-1: Swinging Strike
0-2: Ball
1-2: Ball
2-2: Ball
3-2: SINGLE (Line Drive, 56D)
Robert Buckley to second
Robert Buckley to third
Batting: SHB Tony López 0-0: Ball
1-0: Ball
2-0: Called Strike
2-1: Ball
3-1: Fly out, F9 (Flyball, 9M)
Top of the 3rd over - 2 run(s), 3 hit(s), 0 error(s), 2 left on base; Hendersonville 3 - Orlando 1
BOTTOM OF THE 3RD
Orlando Calrissian batting - Pitching for Hendersonville Hitmen : RHP Eric Love
Batting: RHB Enrique Ramírez 0-0: Ball
1-0: Ball
2-0: Called Strike
2-1: Ground out 6-3 (Groundball, 6)
Batting: LHB Danny Allen 0-0: Ball
1-0: Foul Ball, location: 2F
1-1: Foul Ball, location: 2F
1-2: Ball
2-2: Foul Ball, location: 2F
2-2: Ground out 1-3 (Groundball, 15)
Batting: SHB Chris Byrd 0-0: Ground out U3 (Groundball, 3)
Bottom of the 3rd over - 0 run(s), 0 hit(s), 0 error(s), 0 left on base; Hendersonville 3 - Orlando 1
TOP OF THE 4TH
Hendersonville Hitmen batting - Pitching for Orlando Calrissian : LHP Will Chapman
Batting: RHB Taylor McFarland 0-0: Ball
1-0: Fly out, F4 (Popup, 6MD)
Batting: LHB Enrique Nalasco 0-0: Ball
1-0: Ball
2-0: Ball
3-0: Called Strike
3-1: Foul Ball, location: 2F
3-2: Foul Ball, location: 2F
3-2: Base on Balls
Batting: LHB Jerry Johnston 0-0: Ball
Enrique Nalasco is caught stealing 2nd base
1-0: Fly out, F9 (Flyball, 9D)
Top of the 4th over - 0 run(s), 0 hit(s), 0 error(s), 0 left on base; Hendersonville 3 - Orlando 1
BOTTOM OF THE 4TH
Orlando Calrissian batting - Pitching for Hendersonville Hitmen : RHP Eric Love
Batting: LHB Santiago Márquez 0-0: Swinging Strike
0-1: Ball
1-1: Foul Ball, location: 2F
1-2: Strikes out looking
Batting: RHB Raúl Canó 0-0: Ball
1-0: SINGLE (Line Drive, 4MD)
Batting: RHB Rich Anderson 0-0: Ball
1-0: Ground out 5-3 (Groundball, 56S)
Raúl Canó to second
Batting: LHB Juan Colón 0-0: Ball
1-0: Foul Ball, location: 2F
1-1: Fly out, F6 (Popup, 6MD)
Bottom of the 4th over - 0 run(s), 1 hit(s), 0 error(s), 1 left on base; Hendersonville 3 - Orlando 1
TOP OF THE 5TH
Hendersonville Hitmen batting - Pitching for Orlando Calrissian : LHP Will Chapman
Pitching: LHP José Ramírez
Batting: RHB Bill Mark 0-0: Foul Ball, location: 2F
0-1: Ball
1-1: Ball
2-1: Foul Ball, location: 2F
2-2: Ball
3-2: Foul Ball, location: 2F
3-2: Strikes out looking
Batting: RHB Manolo Román 0-0: Swinging Strike
0-1: Foul Ball, location: 2F
0-2: Ball
1-2: Fly out, F6 (Line Drive, 6M)
Batting: LHB Tony Abete 0-0: Ball
1-0: Ball
2-0: Foul Ball, location: 2F
2-1: Called Strike
2-2: Ball
3-2: Base on Balls
Batting: RHB Robert Buckley 0-0: Ball
Tony Abete is caught stealing 2nd base
Top of the 5th over - 0 run(s), 0 hit(s), 0 error(s), 0 left on base; Hendersonville 3 - Orlando 1
BOTTOM OF THE 5TH
Orlando Calrissian batting - Pitching for Hendersonville Hitmen : RHP Eric Love
Pitching: RHP Julián Romero
Batting: RHB Frederico Hernández 0-0: Ball
1-0: Called Strike
1-1: Called Strike
1-2: Ball
2-2: Strikes out swinging
Batting: RHB Enrique Bermúdez 0-0: Swinging Strike
0-1: Ball
1-1: Foul Ball, location: 2F
1-2: Strikes out swinging
Batting: RHB Enrique Ramírez 0-0: Foul Ball, location: 2F
0-1: Swinging Strike
0-2: Strikes out swinging
Bottom of the 5th over - 0 run(s), 0 hit(s), 0 error(s), 0 left on base; Hendersonville 3 - Orlando 1
TOP OF THE 6TH
Hendersonville Hitmen batting - Pitching for Orlando Calrissian : LHP José Ramírez
Batting: RHB Robert Buckley 0-0: Ball
1-0: Ball
2-0: Foul Ball, location: 2F
2-1: Swinging Strike
2-2: Foul Ball, location: 2F
2-2: Foul Ball, location: 2F
2-2: SINGLE (Groundball, 56D)
Batting: LHB Lorenzo Quintanilla 0-0: Called Strike
0-1: Foul Ball, location: 2F
0-2: Foul Ball, location: 2F
0-2: Ball
1-2: Ball
2-2: SINGLE (Line Drive, 3D)
Robert Buckley to second
Batting: SHB Tony López 0-0: Ball
1-0: Called Strike
1-1: Ground out 5-3 (Groundball, 5S)
Robert Buckley to third
Lorenzo Quintanilla to second
Batting: RHB Taylor McFarland 0-0: Intentional Walk
Batting: LHB Enrique Nalasco 0-0: Called Strike
0-1: DOUBLE (Line Drive, 9LM)
Robert Buckley scores
Lorenzo Quintanilla scores
Taylor McFarland to third
Batting: LHB Jerry Johnston 0-0: Ball
1-0: Ball
2-0: Foul Ball, location: 2F
2-1: Ball
3-1: Base on Balls
Pinch Hitting: RHB Eduardo García 0-0: Fly out, F4 (Popup, 4)
Pinch Hitting: RHB Mal Snyder 0-0: Ball
1-0: Called Strike
1-1: Fly out, F8 (Flyball, 8LD)
Top of the 6th over - 2 run(s), 3 hit(s), 0 error(s), 3 left on base; Hendersonville 5 - Orlando 1
BOTTOM OF THE 6TH
Orlando Calrissian batting - Pitching for Hendersonville Hitmen : RHP Julián Romero
Now at 1B: Mal Snyder
Now at 3B: David Johnstone
Batting: LHB Danny Allen 0-0: Ball
1-0: Ball
2-0: Swinging Strike
2-1: Ball
3-1: Foul Ball, location: 2F
3-2: Foul Ball, location: 2F
3-2: DOUBLE (Flyball, 89XD)
Batting: SHB Chris Byrd 0-0: Ball
1-0: Ground out 4-3 (Groundball, 13)
Danny Allen to third
Batting: LHB Santiago Márquez 0-0: Called Strike
0-1: Ball
1-1: Foul Ball, location: 2F
1-2: Ball
2-2: Ball
3-2: Ground out 4-3 (Groundball, 4)
Danny Allen scores
Batting: RHB Raúl Canó 0-0: Ball
1-0: Foul Ball, location: 2F
1-1: Swinging Strike
1-2: Strikes out looking
Bottom of the 6th over - 1 run(s), 1 hit(s), 0 error(s), 0 left on base; Hendersonville 5 - Orlando 2
TOP OF THE 7TH
Hendersonville Hitmen batting - Pitching for Orlando Calrissian : LHP José Ramírez
Batting: RHB Lúcio García 0-0: Ball
1-0: Called Strike
1-1: Ground out 4-3 (Groundball, 4)
Pitching: RHP Art Kelley
Pinch Hitting: RHB Felipe Rivera 0-0: Ground out 6-3 (Groundball, 6)
Pinch Hitting: LHB Pedro Gonzáles 0-0: Ball
1-0: Ball
2-0: Called Strike
2-1: Foul Ball, location: 2F
2-2: SINGLE (Line Drive, 78M)
Batting: SHB Tony López 0-0: Foul Ball, location: 2F
0-1: Swinging Strike
0-2: Ball
Pedro Gonzáles is caught stealing 2nd base
Top of the 7th over - 0 run(s), 1 hit(s), 0 error(s), 0 left on base; Hendersonville 5 - Orlando 2
BOTTOM OF THE 7TH
Orlando Calrissian batting - Pitching for Hendersonville Hitmen : RHP Julián Romero
Pitching: RHP Erik Estes
Now at 2B: Alfredo Rangel
Now in RF: Felipe Rivera
Batting: RHB Rich Anderson 0-0: Ball
1-0: Swinging Strike
1-1: Ground out 5-3 (Groundball, 5L)
Batting: LHB Juan Colón 0-0: Called Strike
0-1: Foul Ball, location: 2F
0-2: Foul Ball, location: 2F
0-2: Foul Ball, location: 2F
0-2: Ball
1-2: Ball
2-2: Ball
3-2: SINGLE (Line Drive, 9S)
Batting: RHB Frederico Hernández 0-0: SINGLE (Groundball, 56D)
Juan Colón to second
Batting: RHB Enrique Bermúdez 0-0: Called Strike
0-1: Foul Ball, location: 2F
0-2: Foul Ball, location: 2F
0-2: Strikes out looking
Batting: RHB Enrique Ramírez 0-0: Called Strike
0-1: Ball
1-1: Called Strike
1-2: Foul Ball, location: 2F
1-2: Ball
2-2: DOUBLE (Flyball, 78D)
Juan Colón scores
Frederico Hernández to third
Pinch Hitting: RHB Kenny Cole 0-0: Called Strike
0-1: Swinging Strike
0-2: Ball
1-2: Ground out 5-3 (Groundball, 5L)
Bottom of the 7th over - 1 run(s), 3 hit(s), 0 error(s), 2 left on base; Hendersonville 5 - Orlando 3
TOP OF THE 8TH
Hendersonville Hitmen batting - Pitching for Orlando Calrissian : RHP Art Kelley
Now in CF: Kenny Cole
Batting: SHB Tony López 0-0: Ball
1-0: Called Strike
1-1: Foul Ball, location: 2F
1-2: Foul Ball, location: 2F
1-2: Foul Ball, location: 2F
1-2: Ground out 4-3 (Groundball, 4)
Pinch Hitting: RHB Jesús Cruz 0-0: Foul Ball, location: 2F
0-1: Foul Ball, location: 2F
0-2: Ball
1-2: Foul Ball, location: 2F
1-2: Ground out 6-3 (Groundball, 6M)
Pinch Hitting: RHB Phil Jacobs 0-0: Ball
1-0: Called Strike
1-1: Ball
2-1: Foul Ball, location: 2F
2-2: Foul Ball, location: 2F
2-2: Ball
3-2: Strikes out looking
Top of the 8th over - 0 run(s), 0 hit(s), 0 error(s), 0 left on base; Hendersonville 5 - Orlando 3
BOTTOM OF THE 8TH
Orlando Calrissian batting - Pitching for Hendersonville Hitmen : RHP Erik Estes
Now at 2B: Jesús Cruz
Now at SS: Phil Jacobs
Pinch Hitting: LHB Juan Jose Pineda 0-0: Called Strike
0-1: Ball
1-1: SOLO HOME RUN (Flyball, 7LD), Distance : 357 ft
Pinch Hitting: RHB Gary Witt 0-0: Ball
1-0: Foul Ball, location: 2F
1-1: Ball
2-1: Called Strike
2-2: Strikes out swinging
Pinch Hitting: LHB Jeremy Cox 0-0: Foul Ball, location: 2F
0-1: Ball
1-1: Ball
2-1: Called Strike
2-2: Strikes out swinging
Batting: RHB Rich Anderson 0-0: Ball
1-0: SINGLE (Groundball, 56)
Batting: RHB Diego Ocampo 0-0: Ball
1-0: Ground out 4-3 (Groundball, 4)
Bottom of the 8th over - 1 run(s), 2 hit(s), 0 error(s), 1 left on base; Hendersonville 5 - Orlando 4
TOP OF THE 9TH
Hendersonville Hitmen batting - Pitching for Orlando Calrissian : RHP Art Kelley
Now at 1B: Vincente Encarnación
Now at SS: Jason Mason
Now in LF: Jeremy Cox
Pinch Hitting: LHB José Flores 0-0: Called Strike
0-1: Ball
1-1: Called Strike
1-2: Ball
2-2: Foul Ball, location: 2F
2-2: Ball
3-2: Base on Balls
Batting: SHB David Johnstone 0-0: 2-RUN HOME RUN (Line Drive, 7D), Distance : 388 ft
Batting: RHB Mal Snyder 0-0: Ball
1-0: Ball
2-0: Foul Ball, location: 2F
2-1: Called Strike
2-2: Ball
3-2: Ground out 4-3 (Groundball, 4S)
Batting: RHB Lúcio García 0-0: Called Strike
0-1: Swinging Strike
0-2: Ball
1-2: Ground out 6-3 (Groundball, 6)
Batting: RHB Felipe Rivera 0-0: Ball
1-0: Ball
2-0: Called Strike
2-1: Foul Ball, location: 2F
2-2: SOLO HOME RUN (Line Drive, 7LD), Distance : 373 ft
Batting: RHB Alfredo Rangel 0-0: Foul Ball, location: 2F
0-1: Swinging Strike
0-2: Ball
1-2: Ball
2-2: Ball
3-2: Base on Balls
Pitching: RHP Bernardo Hernández
Batting: SHB Tony López 0-0: Ball
1-0: Ball
2-0: Ball
3-0: Called Strike
3-1: Base on Balls
Alfredo Rangel to second
Batting: RHB Jesús Cruz 0-0: Called Strike
0-1: Ball
1-1: Swinging Strike
1-2: Ball
2-2: TRIPLE (Flyball, 8RXD)
Alfredo Rangel scores
Tony López scores
Batting: RHB Phil Jacobs 0-0: Foul Ball, location: 2F
0-1: Foul Ball, location: 2F
0-2: Ball
1-2: Ball
2-2: Ball
3-2: Foul Ball, location: 2F
3-2: Foul Ball, location: 2F
3-2: Foul Ball, location: 2F
3-2: Ground out 4-3 (Groundball, 4)
Top of the 9th over - 5 run(s), 3 hit(s), 0 error(s), 1 left on base; Hendersonville 10 - Orlando 4
BOTTOM OF THE 9TH
Orlando Calrissian batting - Pitching for Hendersonville Hitmen : RHP Erik Estes
Now at C: Robert Bly
Pinch Hitting: LHB Ramón Sánchez 0-0: Ground out 4-3 (Groundball, 4)
Pinch Hitting: RHB Robby Lewis 0-0: SINGLE (Groundball, 56D)
Batting: RHB Enrique Ramírez 0-0: Called Strike
0-1: Grounds into double play, 6-4-3 (Groundball, 6)
Bottom of the 9th over - 0 run(s), 1 hit(s), 0 error(s), 0 left on base; Hendersonville 10 - Orlando 4
Monday, December 5th, 2016 - OOTP Baseball 17.12 Build 75